 Dungeon Crawl Stone Soup version 0.30.1-4-g462c640d31 (webtiles) character file.

Game seed: 6523944470886529279

192 Bobit the Vexing (level 5, -1/38 HPs)
             Began as a Gnoll Wanderer on Aug 17, 2023.
             Was an Initiate of Elyvilon.
             Slain by Edmund
             ... wielding a +2 flail of venom
              (6 damage)
             ... on level 3 of the Dungeon.
             The game lasted 00:14:39 (4319 turns).

Bobit the Vexing (Gnoll Wanderer)                   Turns: 4319, Time: 00:14:40

Health: -1/38      AC:  3    Str:  9    XL:     5   Next: 71%
Magic:  1/12       EV: 11    Int: 19    God:    Elyvilon [......]
Gold:   151        SH:  0    Dex:  8    Spells: 3/14 levels left

rFire   . . .        o - +1 short sword (holy)
rCold   . . .        w - orb {light}
rNeg    . . .        s - +0 leather armour
rPois   .            (no helmet)
rElec   .            (no cloak)
rCorr   .            (no gloves)
SInv    .            (no boots)
Will    .....        (no amulet)
Stlth   +            (no ring)
HPRegen 0.26/turn    (no ring)
MPRegen 0.13/turn

%: no passive effects
@: lethally poisoned (-1 -> -8), very slightly contaminated, glowing
A: fangs 1, strong nose, distributed training
a: Renounce Religion


You were on level 3 of the Dungeon.
You worshipped Elyvilon.
Elyvilon was noncommittal.
You visited 1 branch of the dungeon, and saw 4 of its levels.

You collected 151 gold pieces.

Inventory:

Hand Weapons
 a - a +0 dagger
 e - a +0 dagger
 o - a +1 short sword of holy wrath (weapon)
Missiles
 b - 10 poisoned darts
Armour
 d - a +0 robe
 s - a +0 leather armour (worn)
 t - a +0 pair of gloves
 w - an orb of light (worn)
Jewellery
 q - a ring of positive energy
 x - an amulet of guardian spirit
Scrolls
 h - a scroll of noise {unknown}
 j - 3 scrolls of teleportation (quivered)
 n - 3 scrolls of magic mapping
 r - 5 scrolls of identify
 u - 2 scrolls of fear {unknown}
Potions
 c - a potion of haste {unknown}
 f - a potion of berserk rage {unknown}
 g - 2 potions of mutation {unknown}
 i - a potion of degeneration {unknown}
 k - a potion of cancellation {unknown}
 l - a potion of magic {unknown}
 m - 2 potions of ambrosia
 v - a potion of resistance {unknown}
 z - a potion of brilliance {unknown}


   Skills:
 + Level 1.6 Fighting
 + Level 1.6 Short Blades
 + Level 1.6 Long Blades
 + Level 1.6 Axes
 + Level 1.6 Maces & Flails
 + Level 1.6 Polearms
 + Level 1.6 Staves
 + Level 1.6 Ranged Weapons
 + Level 3.1 Throwing
 + Level 3.1 Armour
 + Level 3.1 Dodging
 + Level 1.6 Stealth
 + Level 1.6 Shields
 + Level 1.6 Unarmed Combat
 + Level 5.2 Spellcasting
 + Level 1.3 Conjurations
 + Level 7.2 Hexes
 + Level 1.3 Summonings
 + Level 1.3 Necromancy
 + Level 1.3 Translocations
 + Level 1.3 Transmutations
 + Level 2.5 Fire Magic
 + Level 1.3 Ice Magic
 + Level 1.3 Air Magic
 + Level 1.3 Earth Magic
 + Level 1.3 Poison Magic
 + Level 1.9 Invocations
 + Level 1.6 Evocations


You had 3 spell levels left.
You knew the following spells:

 Your Spells              Type           Power      Damage    Failure   Level
a - Foxfire               Conj/Fire      48%        2x1d6     8%          1
b - Summon Guardian Gole  Hex/Summ       21%        N/A       9%          3
c - Slow                  Hex            100%       N/A       1%          1
d - Confusing Touch       Hex            32%        N/A       2%          3
e - Inner Flame           Hex/Fire       23%        N/A       7%          3

Your spell library contained the following spells:

 Spells                   Type           Power      Damage    Failure   Level


Dungeon Overview and Level Annotations

Branches:
Dungeon (4/15)
 Temple: D:4-7

Altars:
Elyvilon

Annotations:
D:3 Edmund


Innate Abilities, Weirdness & Mutations

You have very sharp teeth.
Your uncanny sense of smell can sniff out nearby items.
Your experience applies equally to all skills.


Message History

Casting: Foxfire (safe; 8% risk of failure)
Confirm with . or Enter, or press ? or * to list all spells.
You conjure some foxfire!
The foxfire hits Edmund but does no damage.
Edmund is lightly wounded.
The foxfire hits Edmund but does no damage.
Edmund is lightly wounded.
The foxfire hits Edmund.
Edmund is moderately wounded.
Edmund hits you with a +2 flail of venom!
Casting: Foxfire (safe; 8% risk of failure)
Confirm with . or Enter, or press ? or * to list all spells.
You miscast Foxfire.
You are very lightly contaminated with residual magic.
Nothing appears to happen.
The foxfire hits Edmund but does no damage.
Edmund is moderately wounded.
Edmund hits you with a +2 flail of venom!
Edmund hits you with a +2 flail of venom.
You are poisoned.
You climb upwards.
You feel very sick.
There is a stone staircase leading down here.
As you read the scroll labelled JOUQ XUAKLOSALOU, it crumbles to dust.
It is a scroll of identify.
m - 2 potions of ambrosia You feel sick.
As you read the scroll labelled VIXACV KOOKES, it crumbles to dust.
You feel momentarily disoriented.
It was a scroll of magic mapping.
You feel sick.
Edmund hits you with a +2 flail of venom.
* * * LOW HITPOINT WARNING * * *
You are lethally poisoned!
As you read the scroll labelled RUXONO DAAGIKH, it crumbles to dust.
It is a scroll of amnesia.
Okay, then.
* * * LOW HITPOINT WARNING * * *
You feel very sick.
Edmund hits you with a +2 flail of venom.
You die...

.######......#......#..##..######
.# #..#.................# .#
#..###.#..##...####..#
.######..###.........####..######
.................................
..###.#..................#.######
.........###...##...........#####
#.###.#..# #...##..#####.........
..# #.#..# #....@..........######
.## #.#..###...#@#.####..#.# # ##
#.##.......#...# #..#.# #
#.##.###.......# #..#.# # #.##.#
###.....# #..#.# # #####.##.#
#####.# #..### # #.....##.#
#.....# #..# # #.###.##.#
#####.####..######## #.# #.##.#
#...............


You could see Edmund (slow).

Vanquished Creatures
  A scorpion (D:3)
  4 adders
  A worm (D:2)
  3 orcs
  10 ball pythons
  7 endoplasms
  4 giant cockroaches (D:1)
  5 hobgoblins
  7 jackals
  7 kobolds
  5 quokkas
  9 bats
  4 frilled lizards
  9 goblins
  6 rats
82 creatures vanquished.

Vanquished Creatures (others)
  189 foxfires
189 creatures vanquished.

Grand Total: 271 creatures vanquished

Notes
Turn   | Place    | Note
-------+----------+-------------------------------------------
     0 | D:1      | Bobit the Gnoll Wanderer began the quest for the Orb.
     0 | D:1      | Bobit set off with the following items: a +0 dagger, 10
                  | poisoned darts, a potion of heal wounds, a +0 robe; and the
                  | following spells available to memorise: Slow, Confusing
                  | Touch, Inner Flame, Foxfire, Summon Guardian Golem.
     0 | D:1      | Reached XP level 1. HP: 13/13 MP: 6/6
   181 | D:1      | Reached XP level 2. HP: 12/19 MP: 7/7
   211 | D:1      | Learned a level 1 spell: Foxfire
   706 | D:1      | Reached skill level 5 in Spellcasting
   706 | D:1      | Reached XP level 3. HP: 16/25 MP: 5/9
   768 | D:1      | Learned a level 3 spell: Summon Guardian Golem
  1278 | D:2      | Reached skill level 1 in Invocations
  1342 | D:2      | Reached skill level 1 in Fighting
  1342 | D:2      | Reached skill level 1 in Short Blades
  1342 | D:2      | Reached skill level 1 in Long Blades
  1342 | D:2      | Reached skill level 1 in Axes
  1342 | D:2      | Reached skill level 1 in Maces & Flails
  1342 | D:2      | Reached skill level 1 in Polearms
  1342 | D:2      | Reached skill level 1 in Staves
  1342 | D:2      | Reached skill level 1 in Ranged Weapons
  1342 | D:2      | Reached skill level 1 in Stealth
  1342 | D:2      | Reached skill level 1 in Shields
  1342 | D:2      | Reached skill level 1 in Unarmed Combat
  1342 | D:2      | Reached skill level 1 in Evocations
  1453 | D:2      | Reached XP level 4. HP: 29/32 MP: 1/11
  2275 | D:3      | Reached skill level 1 in Conjurations
  2275 | D:3      | Reached skill level 1 in Summonings
  2275 | D:3      | Reached skill level 1 in Necromancy
  2275 | D:3      | Reached skill level 1 in Translocations
  2275 | D:3      | Reached skill level 1 in Transmutations
  2275 | D:3      | Reached skill level 1 in Ice Magic
  2275 | D:3      | Reached skill level 1 in Air Magic
  2275 | D:3      | Reached skill level 1 in Earth Magic
  2275 | D:3      | Reached skill level 1 in Poison Magic
  2600 | D:3      | Learned a level 1 spell: Slow
  2604 | D:3      | Learned a level 3 spell: Confusing Touch
  2608 | D:3      | Learned a level 3 spell: Inner Flame
  2627 | D:3      | Noticed a scorpion
  2678 | D:3      | Killed a scorpion
  2679 | D:3      | Reached XP level 5. HP: 22/37 MP: 1/12
  3795 | D:3      | Found a white marble altar of Elyvilon.
  3978 | D:3      | Became a worshipper of Elyvilon the Healer
  4303 | D:4      | Noticed Edmund
  4319 | D:3      | Slain by Edmund

Illustrated notes

Levels and vault maps discovered:
D:1:      dpeg_arrival_tiny_i, layout_rooms, chequers_serial_rivers_large_a,
          hangedman_decor_points
D:2:      layout_loops_ring, serial_park_tiny_2
D:3:      layout_basic, lemuel_doored_altar, ebering_dispersal_statue_hall,
          minmay_joined_circles
D:4:      layout_loops_corners, minmay_snake_closets, uniq_edmund,
          uniq_crazy_yiuf_cottage

Skill      XL: |  1  2  3  4 |
---------------+-------------+-----
Fire Magic     | 2 |  2.5
Spellcasting   | 5 |  5.2
Invocations    | 1 |  1.9
Fighting       | 1 |  1.6
Short Blades   | 1 |  1.6
Long Blades    | 1 |  1.6
Axes           | 1 |  1.6
Maces & Flails | 1 |  1.6
Polearms       | 1 |  1.6
Staves         | 1 |  1.6
Ranged Weapons | 1 |  1.6
Stealth        | 1 |  1.6
Shields        | 1 |  1.6
Unarmed Combat | 1 |  1.6
Evocations     | 1 |  1.6
Conjurations   | 1 |  1.3
Summonings     | 1 |  1.3
Necromancy     | 1 |  1.3
Translocations | 1 |  1.3
Transmutations | 1 |  1.3
Ice Magic      | 1 |  1.3
Air Magic      | 1 |  1.3
Earth Magic    | 1 |  1.3
Poison Magic   | 1 |  1.3
Throwing       | 3 |  3.1
Armour         | 3 |  3.1
Dodging        | 3 |  3.1
Hexes          | |  7.2

Action                     |  1- 3 |  4- 6 || total
---------------------------+-------+-------++-------
  Melee: Dagger            |    83 |       ||    83
         Bite              |    11 |     7 ||    18
         Short sword       |       |    55 ||    55
   Cast: Foxfire           |    58 |    78 ||   136
         Summon Guardian G |       |     9 ||     9
         Slow              |       |     9 ||     9
    Use: Potion            |       |     1 ||     1
         Scroll            |       |     5 ||     5
   Stab: Sleeping          |       |     1 ||     1
 Armour: Robe              |    26 |     5 ||    31
         Leather armour    |       |    31 ||    31
  Dodge: Dodged            |    86 |   130 ||   216
